 Dungeon Crawl Stone Soup version 0.28.0-47-ge53b351184 (webtiles) character file.

Game seed: 18220767161904903694

33 GigaChad the Covered (level 3, -7/33 HPs)
             Began as a Minotaur Fighter on May 2, 2022.
             Mangled by a gnoll
             ... wielding a +0 halberd
              (11 damage)
             ... on level 2 of the Dungeon.
             The game lasted 00:02:05 (896 turns).

GigaChad the Covered (Minotaur Fighter)              Turns: 896, Time: 00:02:06

Health: -7/33      AC:  7    Str: 20    XL:     3   Next: 12%
Magic:  2/2        EV:  9    Int:  5    God:
Gold:   80         SH:  4    Dex: 11    Spells: 2/2 levels left

rFire   . . .      SeeInvis .   a - +0 long sword
rCold   . . .      Faith    .   c - +0 buckler
rNeg    . . .      Spirit   .   b - +0 scale mail
rPois   .          Reflect  .   (helmet restricted)
rElec   .          Harm     .   (no cloak)
rCorr   .          Rampage  .   (no gloves)
Will    .....                   (no boots)
Stlth   ..........              (no amulet)
HPRegen 0.11/turn               (no ring)
MPRegen 0.08/turn               (no ring)

@: no status effects
A: horns 2, retaliatory headbutt
a: no special abilities


You were on level 2 of the Dungeon.
You visited 1 branch of the dungeon, and saw 2 of its levels.

You collected 80 gold pieces.

Inventory:

Hand Weapons
 a - a +0 long sword (weapon)
Armour
 b - a +0 scale mail (worn)
 c - a +0 buckler (worn)
Scrolls
 e - a scroll of identify
 g - 2 scrolls of fog
 h - a scroll of amnesia {unknown}
 i - a scroll of enchant armour {unknown}
Potions
 d - a potion of might
 f - a potion of curing {unknown}


   Skills:
 + Level 4.1 Fighting
 + Level 2.8 Long Blades
 + Level 4.2 Armour
 + Level 3.9 Shields


You had 2 spell levels left.
You didn't know any spells.
Your spell library was empty.

Dungeon Overview and Level Annotations

Branches:
Dungeon (2/15)

Altars:

Shops:
D:1 (


Innate Abilities, Weirdness & Mutations

You have a pair of horns on your head.
You reflexively headbutt those who attack you in melee.


Message History

Items here: ( )) †.
You now have 80 gold pieces (gained 9).
You see here a +0 whip.
e - 2 scrolls labelled SASIDWINIBU (gained 1)
As you read the scroll labelled SASIDWINIBU, it crumbles to dust.
It is a scroll of identify.
g - 2 scrolls of fog You open the door.
There is an open door here. 2 gnolls come into view.
The gnoll shouts! x2
The gnoll moves out of view.
You block the gnoll's attack.
You barely miss the gnoll. The gnoll hits you with a +0 whip!
You barely miss the gnoll. You hit the gnoll.
The gnoll is lightly wounded.
The gnoll hits you with a +0 whip. The gnoll hits you but does no damage.
You block the gnoll's attack.
You hit the gnoll.
The gnoll is heavily wounded.
The gnoll hits you with a +0 flail. You block the gnoll's attack.
The gnoll hits you with a +0 flail.
You closely miss the gnoll. Your headbutt misses the gnoll.
The gnoll is heavily wounded.
The gnoll barely misses you. You furiously retaliate!
You headbutt the gnoll! The gnoll hits you but does no damage.
You barely miss the gnoll.
The gnoll is severely wounded.
The gnoll hits you but does no damage. The gnoll hits you with a +0 flail!
* * * LOW HITPOINT WARNING * * *
A gnoll comes into view. It is wielding a +0 halberd.
The gnoll hits you with a +0 whip.
* * * LOW HITPOINT WARNING * * *
You closely miss the gnoll. Your headbutt misses the gnoll.
The gnoll is severely wounded.
The gnoll hits you with a +0 flail.
* * * LOW HITPOINT WARNING * * *
The gnoll hits you from afar with a +0 halberd!
You die...

.....# ..#
.)...######## .#
.....#......##########
............'.........
######......##.#######
#......##.####.#
#......##.#.g.
#......##.#g#
#......##.g@#
#......###### #......#
#......# ########


You could see 3 gnolls.

Vanquished Creatures
  A gnoll (D:1)
  2 dart slugs
  3 endoplasms
  2 giant cockroaches (D:1)
  2 goblins
  A hobgoblin (D:1)
  A quokka (D:2)
  2 ball pythons (D:1)
  A bat (D:1)
  3 kobolds (D:1)
  A rat (D:2)
19 creatures vanquished.

Notes
Turn   | Place    | Note
-------+----------+-------------------------------------------
     0 | D:1      | GigaChad the Minotaur Fighter began the quest for the Orb.
     0 | D:1      | Reached XP level 1. HP: 19/19 MP: 0/0
    78 | D:1      | Reached XP level 2. HP: 25/27 MP: 1/1
   172 | D:1      | Found a faded altar of an unknown god.
   396 | D:1      | Found Yfam Qexzu's Antique Weapon Boutique.
   803 | D:2      | Reached XP level 3. HP: 33/33 MP: 2/2
   896 | D:2      | Mangled by a gnoll

Illustrated notes

Levels and vault maps discovered:
D:1:      nzn_arrival_depleted_hourglass, layout_basic,
          ebering_ecumenical_altar_rust, serial_shops, shop
D:2:      layout_basic

Skill      XL: |  1  2 |
---------------+-------+-----
Fighting       | 4 |  4.1
Armour         | 4 |  4.2
Long Blades    | |  2.8
Shields        | |  3.9

Action                   || total
-------------------------++-------
Melee: Long sword        ||    42
       Headbutt          ||     6
  Use: Scroll            ||     1
Armor: Scale mail        ||    23
Dodge: Dodged            ||    22
Block: Buckler           ||    11
